 Dungeon Crawl Stone Soup version 0.31.0-12-g77e489cdc1 (webtiles) character file.

Game seed: 6522266888054879321

237805 Gabide the Slayer (level 18, -9/182 HPs)
             Began as a Grey Draconian Chaos Knight on Feb 12, 2024.
             Was a Plaything of Xom.
             Killed from afar by a nagaraja (29 damage)
             ... with a poison arrow
             ... on level 4 of the Snake Pit on Feb 16, 2024.
             The game lasted 01:27:53 (30921 turns).

Gabide the Slayer (Grey Draconian Chaos Knight)    Turns: 30921, Time: 01:27:54

Health: -9/182     AC: 27    Str: 25    XL:     18   Next: 25%
Magic:  18/18      EV: 21    Int: 21    God:    Xom [....*.]
Gold:   3639       SH:  5    Dex: 17    Spells: 17/17 levels left

rFire   . . .        a - +10 glaive of Accidental Termination {freeze, rC+}
rCold   + . .        (shield currently unavailable)
rNeg    . . .        (body armour unavailable)
rPois   .            f - +2 hat
rElec   +            E - +2 cloak
rCorr   +            y - +2 pair of gloves "Potep" {Regen+}
SInv    .            t - +2 pair of boots
Will    +....        j - amulet of reflection
Stlth   +            b - +6 ring of strength
HPRegen 1.30/turn    R - ring of Buocywaw {rCorr Int+3 Dex+6 Stlth-}
MPRegen 0.16/turn

%: reflection, clarity
@: lethally poisoned (-9 -> -64), about to teleport, on berserk cooldown,
slowed, studying Air Magic, very slow
A: AC +15, amphibious, unfitting armour, cold-blooded, clarity, clever 1,
screaming 1, shaggy fur 1, electricity resistance, wild magic 1, noise
suppression
}: 2/15 runes: decaying, serpentine
a: Renounce Religion


You were on level 4 of the Snake Pit.
You worshipped Xom.
You were a beloved toy of Xom.
You visited 6 branches of the dungeon, and saw 31 of its levels.
You visited the Abyss 1 time.
You also visited: Ossuary, Bailey and Volcano.

You collected 4415 gold pieces.
You spent 776 gold pieces at shops.

Inventory:

Hand Weapons
 a - the +10 glaive of Accidental Termination (weapon) {freeze, rC+}
   (You acquired it on level 8 of the Dungeon)

   rC+:       It protects you from cold.
 V - a +4 demon trident
 W - a +0 bardiche of venom
Missiles
 p - a silver javelin (quivered)
 v - 19 javelins
 D - 3 throwing nets
 Q - 10 boomerangs
Armour
 f - a +2 hat (worn)
 t - a +2 pair of boots (worn)
 y - the +2 pair of gloves "Potep" (worn) {Regen+}
   (You acquired it on level 5 of the Dungeon)

   Regen+:    It increases your rate of health regeneration.
 E - a +2 cloak (worn)
 O - the +2 pair of gloves "Lalus Ollis" {rElec}
   (You found it in a volcano)

   rElec:     It insulates you from electricity.
Jewellery
 b - a +6 ring of strength (left hand)
 c - an amulet of faith
 e - a ring of protection from fire
 j - an amulet of reflection (around neck)
 k - a ring of positive energy
 w - a ring of flight
 G - a ring of ice
 I - a ring of see invisible
 L - a ring of protection from cold
 R - the ring of Buocywaw (right hand) {rCorr Int+3 Dex+6 Stlth-}
   (You bought it in a shop on level 2 of the Orcish Mines)

   [ring of dexterity]

   Int+3:     It affects your intelligence (+3).
   Dex+6:     It affects your dexterity (+6).
   rCorr:     It protects you from acid and corrosion.
   Stlth-:    It makes you less stealthy.
Wands
 g - a wand of digging (16)
 n - a wand of paralysis (24)
 u - a wand of iceblast (8)
 F - a wand of flame (69)
 H - a wand of acid (6)
Scrolls
 i - 6 scrolls of enchant armour
 o - 8 scrolls of fog
 x - 2 scrolls of revelation
 A - 5 scrolls of immolation
 B - 3 scrolls of poison
 K - 7 scrolls of teleportation
 P - 9 scrolls of enchant weapon
 S - 2 scrolls of blinking
 U - 2 scrolls of vulnerability
 X - 8 scrolls of identify
 Y - 2 scrolls of silence
Potions
 d - 4 potions of mutation
 l - 2 potions of cancellation
 m - 3 potions of attraction
 r - 6 potions of might
 s - 6 potions of haste
 z - 2 potions of ambrosia
 C - 2 potions of magic
 J - 4 potions of enlightenment
 M - a potion of lignification
 T - 3 potions of invisibility


   Skills:
 - Level 21.0 Fighting
 - Level 0.1 Short Blades
 - Level 13.9(18.9) Axes
 - Level 0.1(9.0) Maces & Flails
 + Level 20.6(22.1) Polearms
 - Level 0.1(13.5) Staves
 - Level 0.1 Throwing
 - Level 15.0 Dodging
 - Level 0.1 Stealth
 - Level 0.1 Unarmed Combat
 - Level 0.2 Spellcasting


You had 17 spell levels left.
You didn't know any spells.
Your spell library contained the following spells:

 Spells                   Type           Power      Damage    Failure   Level
 Apportation              Tloc           0%         N/A       26%         1
 Freeze                   Ice            0%         1d3       26%         1
 Summon Small Mammal      Summ           0%         N/A       26%         1
 Blink                    Tloc           0%         N/A       34%         2
 Ensorcelled Hibernation  Hex/Ice        0%         N/A       34%         2
 Lesser Beckoning         Tloc           0%         N/A       34%         2
 Mercury Vapours          Alch/Air       0%         N/A       34%         2
 Static Discharge         Conj/Air       0%         3-3/arc   34%         2
 Call Canine Familiar     Summ           0%         N/A       56%         3
 Frozen Ramparts          Ice            0%         1d1       56%         3
 Fugue of the Fallen      Necr           0%         N/A       56%         3
 Gell's Gravitas          Tloc           0%         N/A       56%         3
 Hailstorm                Conj/Ice       0%         3d5       56%         3
 Ozocubu's Armour         Ice            0%         N/A       56%         3
 Stone Arrow              Conj/Erth      0%         3d7       56%         3
 Teleport Other           Tloc           0%         N/A       56%         3
 Tukima's Dance           Hex            0%         N/A       56%         3
 Airstrike                Air            0%         2d(0-16)  91%         4
 Anguish                  Hex/Necr       0%         N/A       91%         4
 Cause Fear               Hex            0%         N/A       91%         4
 Leda's Liquefaction      Alch/Erth      0%         N/A       91%         4
 Manifold Assault         Tloc           0%         N/A       91%         4
 Passage of Golubria      Tloc           0%         N/A       91%         4
 Summon Blazeheart Golem  Fire/Summ      0%         N/A       91%         4
 Summon Lightning Spire   Summ/Air       0%         N/A       91%         4
 Vhi's Electric Charge    Tloc/Air       0%         N/A       91%         4
 Summon Forest            Summ/Tloc      0%         N/A       99%         5
 Summon Mana Viper        Hex/Summ       0%         N/A       99%         5
 Yara's Violent Unravell  Hex/Alch       0%         3d3       99%         5
 Dispersal                Tloc           0%         N/A       100%        6
 Summon Cactus Giant      Summ           0%         N/A       100%        6
 Enfeeble                 Hex            0%         N/A       100%        7
 Lehudib's Crystal Spear  Conj/Erth      0%         10d2      100%        8
 Animate Armour           Summ/Erth      Unusable   N/A       N/A         4

Dungeon Overview and Level Annotations

Branches:
Dungeon (15/15)            Temple (1/1) D:6            Lair (5/5) D:8
  Swamp (4/4) Lair:3        Snake (4/4) Lair:2        Slime (0/5) Lair:4
    Orc (2/2) D:11            Elf (0/3) Orc:2        Vaults (0/5) D:13
 Depths (0/4) D:15        Ossuary (visited)          Bailey (visited)
Volcano (visited)

Altars:
Ashenzari
Cheibriados
Dithmenos
Elyvilon
Fedhas
Gozag
Hepliaklqana
Kikubaaqudgha
Makhleb
Nemelex Xobeh
Okawaru
Qazlal
Ru
Sif Muna
Trog
Uskayaw
Vehumet
Wu Jian
Xom
Yredelemnul
Zin
The Shining One
Jiyva

Shops:
D:5 (   D:6 !   D:8 (   D:9 *   D:12 **=((   Orc:2 **=([*[

Portals:
Abyss: Lair:4

Annotations:
Lair:4 2 transporters, Peach3228's ghost, journeyman DrEE
Swamp:1 2 transporters, robbje's ghost, adept HuNe
Snake:4 Asterion


Innate Abilities, Weirdness & Mutations

Your dull iron-grey scales are very hard. (AC +15)
You are amphibious.
You cannot fit into any form of body armour.
You are cold-blooded and may be slowed by cold attacks.
You possess an exceptional clarity of mind.
Your mind is acute. (Int +4, Str/Dex -1)
You occasionally shout uncontrollably at your foes.
You are covered in fur. (AC +1)
You are resistant to electric shocks. (rElec)
Your spells are a little harder to cast, but a little more powerful.
You passively dampen the noise of your surroundings.


Message History

The naga warrior resists with almost no effort.
The nagaraja resists with almost no effort. x2
The naga looks frightened!
The naga sharpshooter looks frightened!
The anaconda looks frightened!
* * * LOW HITPOINT WARNING * * *
You feel extremely sick.
The anaconda grabs your +0 morningstar of venom.
The anaconda bites your +0 morningstar of venom!
The anaconda constricts your +0 morningstar of venom.
Your +0 morningstar of venom hits the anaconda!!
The anaconda looks as sick as possible!
The nagaraja gestures wildly while chanting.
The nagaraja seems to speed up.
Something hits your +0 morningstar of venom but does no damage.
The anaconda bites your +0 morningstar of venom!
The anaconda constricts your +0 morningstar of venom.
Your white imp gestures at the naga.
The puff of frost misses the naga.
Your ufetubus slips past the naga!
Your ufetubus barely misses the naga.
Your ufetubus hits the naga but does no damage.
The nagaraja casts a spell at you.
The bolt of poison misses your ufetubus.
Your +0 morningstar of venom hits the anaconda!
The anaconda looks as sick as possible!
Your +0 morningstar of venom looks weaker.
Something hits your +0 morningstar of venom but does no damage.
The anaconda bites your +0 morningstar of venom.
The anaconda constricts your +0 morningstar of venom.
Your +0 morningstar of venom falls from the air.
Okay, then.
Unknown command.
As you read the scroll of teleportation, it crumbles to dust.
You feel strangely unstable.
* * * LOW HITPOINT WARNING * * *
You feel extremely sick.
The nagaraja gestures at you while chanting.
The poison arrow hits you!!
You are lethally poisoned!
You die...
Xom roars with laughter!

#..... ##...#.......
#..N# .8.8.8.8N8.8....
#..# ..N..NNN........
#..# .....S)......⌠..
#.)## ....N.......N...
#.))##N8.8.8.8.8.8NN..
##.5N#.............N.#
#...@)5N...⌠.NNN....#
##....N⌠......)⌠...#
###.5........N..###
###.........###
#########


You could see 3 nagarajas, a naga warrior (ally target), 2 naga sharpshooters,
an anaconda (fleeing, extremely poisoned), 2 nagas, a friendly white imp
(summoned), a friendly shadow imp (summoned) and a friendly ufetubus (summoned).

Vanquished Creatures
  Saint Roka (Orc:2)
  A tentacled monstrosity (Swamp:4)
  A lich (D:11)
  Frances (Swamp:1)
  A tentacled starspawn (Abyss:1)
  A sphinx (shapeshifter) (Lair:3)
  3 thorn hunters (Swamp:4)
  Agnes (Snake:1)
  2 nagarajas
  Aizul (Snake:1)
  A stone giant (D:15)
  4 eleionomae
  5 bunyips
  Azrael (D:15)
  3 shambling mangroves
  24 hydras
  4 vault guards (D:13)
  Harold (Lair:1)
  Erica (D:7)
  A rakshasa (D:15)
  A ghost crab (Swamp:3)
  5 boulder beetles
  10 anacondas
  9 two-headed ogres
  4 centaur warriors
  3 death yaks (Lair:3)
  6 alligators
  4 tengu warriors
  Urug (Lair:3)
  8 naga warriors
  A spriggan berserker (Swamp:3)
  16 naga sharpshooters
  4 orc high priests (Orc:2)
  7 shock serpents
  3 sun demons (Volcano)
  A hell knight (Volcano)
  Sonja (Lair:1)
  The ghost of Couri the Thaumaturge, a journeyman SpAl of Hepliaklqana (Orc:1)
  The ghost of SonOfAdam the Geomancer, a novice GrEE of Okawaru (D:8)
  3 skeletal warriors (D:13)
  A salamander mystic (Snake:4)
  A skyshark (Lair:5)
  A fire crab (Lair:5)
  3 goliath frogs
  2 spriggan druids
  2 glowing orange brains (Abyss:1)
  3 bog bodies
  13 mana vipers
  4 naga ritualists
  A lindwurm (Lair:5)
  9 swamp dragons
  4 starcursed masses (Abyss:1)
  6 orc knights
  2 cyclopes (D:14)
  The ghost of DildoBatman the Conjurer, a novice FoCj of Kikubaaqudgha (D:6)
  A faun (D:14)
  28 ugly things
  6 orc sorcerers
  A manticore (D:11)
  3 will-o-the-wisps
  A worldbinder (Abyss:1)
  A moth of wrath (Lair:5)
  2 salamanders
  3 meliai (D:12)
  2 large abominations (Abyss:1)
  11 elephants
  Joseph (Lair:1)
  29 black mambas
  3 kobold blastminers
  7 naga magi
  2 smoke demons (Volcano)
  4 guardian serpents
  Jeremiah (D:8)
  16 cane toads
  8 komodo dragons
  3 rime drakes
  A yaktaur (D:15)
  2 kobold demonologists
  An unseen horror (shapeshifter) (D:15)
  2 tengu conjurers
  3 trolls
  A wind drake (shapeshifter) (Abyss:1)
  3 red devils (Volcano)
  A bloated husk (Swamp:4)
  8 tyrant leeches
  Prince Ribbit (D:5)
  25 blink frogs
  5 polar bears
  16 hornets
  7 dream sheep (Lair:5)
  9 slime creatures
  A centaur simulacrum (D:14)
  A wraith (D:10)
  Sigmund (D:2)
  2 shadows
  2 small abominations (Abyss:1)
  A vampire (D:14)
  A ynoxinul (Abyss:1)
  A fire bat (D:6)
  6 wyverns
  A yak (shapeshifter) (D:9)
  6 basilisks
  2 fire elementals (D:15)
  19 spriggans
  A steam dragon (D:9)
  36 yaks
  5 wargs
  8 humans (D:13)
  28 nagas
  17 swamp worms
  5 acid dragons
  13 water moccasins
  8 hell hounds
  33 orc warriors
  16 swamp drakes
  6 black bears
  4 sky beasts
  An ice beast (D:8)
  A laughing skull (Abyss:1)
  7 ogres
  5 boggarts (Lair:5)
  29 wolves
  3 centaurs
  A phantom (D:6)
  3 kobold brigands
  2 elf zombies (Ossuary)
  A brain worm (Abyss:1)
  2 gnoll sergeants
  A weeping skull (Abyss:1)
  7 bullfrogs
  3 scorpions
  3 wights (D:8)
  A hornet simulacrum (D:15)
  40 killer bees
  3 howler monkeys (D:11)
  7 electric eels
  A lava snake (D:13)
  A human zombie (Ossuary)
  5 hounds
  16 orc priests
  3 jellies
  3 iron imps (Abyss:1)
  Jessica (D:2)
  18 orc wizards
  Natasha (twice) (D:2)
  A hell rat (D:12)
  3 mummies (Ossuary)
  16 gnolls
  10 adders
  4 river rats (D:6)
  A white imp (D:5)
  2 ufetubi (D:6)
  An adder zombie (Ossuary)
  5 ribbon worms
  94 orcs
  6 bats
  4 endoplasms
  2 giant cockroaches
  17 goblins
  15 hobgoblins
  A jackal (D:3)
  5 quokkas
  7 ball pythons
  A ball python zombie (Ossuary)
  7 frilled lizards
  A gnoll zombie (Ossuary)
  5 jackal zombies (Ossuary)
  18 kobolds
  3 kobold zombies (Ossuary)
  An orc zombie (Ossuary)
  10 rats
1052 creatures vanquished.

Vanquished Creatures (collateral kills)
  2 bog bodies (Lair:3)
  A kobold demonologist (Bailey)
  A basilisk (Lair:3)
  An ogre (D:5)
  4 elf zombies (Ossuary)
  A burial acolyte (Ossuary)
  A centaur zombie (Ossuary)
  A hound (D:5)
  2 human zombies (Ossuary)
  A mummy (Ossuary)
  A gnoll (D:5)
  3 adder zombies (Ossuary)
  A jackal zombie (Ossuary)
  2 kobold zombies (Ossuary)
22 creatures vanquished.

Vanquished Creatures (others)
  A dancing weapon (Snake:4)
  A kobold demonologist (D:9)
  A troll (D:10)
  2 tyrant leeches (Swamp:3)
  2 orc wizards (Orc:2)
  A bullfrog simulacrum (Ossuary)
  2 orc zombies
  8 foxfires (Swamp:2)
  2 starspawn tentacles (Abyss:1)
20 creatures vanquished.

Grand Total: 1094 creatures vanquished

Notes
Turn   | Place    | Note
-------+----------+-------------------------------------------
     0 | D:1      | Gabide the Draconian Chaos Knight began the quest for the
                  | Orb.
     0 | D:1      | Reached XP level 1. HP: 19/19 MP: 1/1
    17 | D:1      | XOM: silly message
   299 | D:1      | Reached XP level 2. HP: 8/26 MP: 2/2
   579 | D:1      | XOM: silly message
   958 | D:2      | Reached XP level 3. HP: 33/33 MP: 3/3
  1052 | D:2      | Noticed Jessica
  1059 | D:2      | XOM: divination: detect items
  1062 | D:2      | Killed Jessica
  1063 | D:2      | Reached skill level 4 in Fighting
  1126 | D:2      | Noticed Sigmund
  1126 | D:2      | Noticed Natasha
  1129 | D:2      | Killed Natasha
  1130 | D:2      | Reached XP level 4. HP: 35/40 MP: 4/4
  1807 | D:3      | You fall into a shaft and drop 3 floors!
  1819 | D:6      | Found a runed translucent door.
  1820 | D:6      | Found a glowing golden altar of the Shining One.
  1820 | D:6      | Noticed a bullfrog
  1826 | D:6      | Found a bloodstained altar of Trog.
  1826 | D:6      | Noticed DildoBatman's ghost (novice FoCj)
  1904 | D:6      | XOM: potion effect (might)
  1925 | D:6      | Reached XP level 5. HP: 47/47 MP: 5/5
  1935 | D:6      | Found a hide-covered altar of Uskayaw.
  1936 | D:6      | Noticed a sky beast
  1937 | D:6      | Noticed a sky beast
  1939 | D:6      | XOM: silly message
  1940 | D:6      | XOM: confuse monster(s)
  1945 | D:6      | Killed a sky beast
  1946 | D:6      | Reached skill level 5 in Fighting
  1956 | D:6      | Killed a sky beast
  1957 | D:6      | Reached skill level 5 in Polearms
  1957 | D:6      | Reached XP level 6. HP: 38/57 MP: 6/6
  2028 | D:6      | Found a stormy altar of Qazlal.
  2030 | D:6      | Found a shimmering altar of Xom.
  2030 | D:6      | Found a broken altar of Ashenzari.
  2087 | D:6      | XOM: divination: detect items
  2092 | D:6      | Reached skill level 6 in Fighting
  2095 | D:6      | Noticed an orc warrior
  2100 | D:6      | XOM: 1-stop teleportation journey
  2170 | D:5      | Entered Level 5 of the Dungeon
  2170 | D:5      | Noticed Prince Ribbit
  2188 | D:5      | XOM: blink monster(s)
  2195 | D:5      | Killed Prince Ribbit
  2196 | D:5      | Your scales start taking on a dull iron-grey colour.
  2196 | D:5      | Reached XP level 7. HP: 49/63 MP: 7/7
  2242 | D:5      | Noticed Edmund
  2247 | D:5      | Edmund changed into Edmund the ogre
  2247 | D:5      | Noticed Edmund
  2247 | D:5      | XOM: polymorph Edmund -> Edmund the ogre
  2250 | D:5      | XOM: summons friendly iron imp
  2262 | D:5      | XOM: summons 4 friendly demons
  2269 | D:5      | Killed Edmund the ogre
  2404 | D:5      | Found Ingenied's Antique Weapon Emporium.
  2612 | D:5      | XOM: god gift: wand of paralysis (4)
  2794 | D:5      | XOM: silly message
  2840 | D:4      | XOM: stealth player
  2949 | D:4      | Found a sand-covered staircase.
  2963 | Ossuary  | Entered an ossuary
  2964 | Ossuary  | XOM: give mutations
  2964 | Ossuary  | Gained mutation: Your muscles are strong. (Str +4, Int/Dex
                  | -1) [Xom's mischief]
  2964 | Ossuary  | Lost mutation: Your muscles are strong. (Str +4, Int/Dex
                  | -1) [Xom's mischief]
  2964 | Ossuary  | Gained mutation: You have a pair of small horns on your
                  | head. [Xom's mischief]
  2986 | Ossuary  | XOM: summons friendly chaos spawn
  2997 | Ossuary  | Reached XP level 8. HP: 69/70 MP: 8/8
  3229 | Ossuary  | Reached skill level 10 in Polearms
  3237 | Ossuary  | XOM: chaos cloud
  3784 | D:3      | Found a glowing silver altar of Zin.
  3784 | D:3      | Found a shadowy altar of Dithmenos.
  3834 | D:3      | XOM: give mutations
  3834 | D:3      | Gained mutation: Your body sometimes deteriorates upon
                  | taking damage. [Xom's mischief]
  3834 | D:3      | Lost mutation: Your body sometimes deteriorates upon taking
                  | damage. [Xom's mischief]
  4078 | D:3      | XOM: summons 2 hostile demons
  4109 | D:2      | Killed Sigmund
  4110 | D:2      | Reached XP level 9. HP: 75/75 MP: 9/9
  4193 | D:2      | Noticed Natasha
  4196 | D:2      | Natasha changed into Natasha the hound
  4196 | D:2      | Noticed Natasha
  4200 | D:2      | Killed Natasha the hound
  4225 | D:2      | Noticed Natasha
  4229 | D:2      | XOM: potion effect (haste)
  4235 | D:2      | Killed Natasha
  4811 | D:5      | Identified a scroll of acquirement
  4811 | D:5      | Acquired the +2 pair of gloves "Potep" {Regen+}
  4845 | D:6      | XOM: divination: magic mapping
  4874 | D:6      | Killed DildoBatman's ghost
  4922 | D:6      | Found Pauph's Distillery.
  5215 | D:6      | Found a staircase to the Ecumenical Temple.
  5228 | D:6      | Reached skill level 7 in Fighting
  5231 | Temple   | Entered the Ecumenical Temple
  5388 | D:6      | XOM: cloud trail
  5539 | D:6      | XOM: give mutations
  5539 | D:6      | Gained mutation: You have hidden genetic potential. [Xom's
                  | grace]
  5539 | D:6      | Gained mutation: Your flesh is cold resistant. (rC+) [Xom's
                  | grace]
  5539 | D:6      | Gained mutation: Your mind is acute. (Int +4, Str/Dex -1)
                  | [Xom's grace]
  5539 | D:6      | Gained mutation: You are robust. (+10% HP) [Xom's grace]
  5678 | D:7      | Reached skill level 5 in Dodging
  5718 | D:7      | XOM: silly message
  6065 | D:7      | XOM: god gift: wand of digging (6)
  6206 | D:7      | Found a sparkling altar of Nemelex Xobeh.
  6498 | D:8      | Noticed Erica
  6553 | D:7      | Killed Erica
  6554 | D:7      | Reached skill level 8 in Fighting
  6554 | D:7      | Reached XP level 10. HP: 43/99 MP: 3/10
  6641 | D:8      | Found a large runed translucent door.
  6643 | D:8      | Found a large runed translucent door.
  6645 | D:8      | Noticed SonOfAdam's ghost (novice GrEE)
  6740 | D:8      | Acquired the +10 glaive of Accidental Termination {freeze,
                  | rC+}
  6742 | D:8      | Found a staircase to the Lair.
  7034 | D:8      | XOM: butterfly on damage
  7050 | D:8      | Reached skill level 9 in Fighting
  7141 | D:8      | Found Yreyfoud's Weapon Boutique.
  7340 | D:8      | Noticed Jeremiah
  7356 | D:8      | XOM: enchant monster (good)
  7398 | D:8      | XOM: noise
  7422 | D:8      | Killed Jeremiah
  7432 | D:8      | Gained mutation: Your spells are a little harder to cast,
                  | but a little more powerful. [hidden potential]
  7472 | D:8      | XOM: summons 3 hostile shadow creatures
  7750 | D:8      | XOM: noise
  7789 | D:8      | XOM: give mutations
  7789 | D:8      | Gained mutation: Your natural rate of healing is unusually
                  | fast. [Xom's mischief]
  7789 | D:8      | Lost mutation: Your spells are a little harder to cast, but
                  | a little more powerful. [Xom's mischief]
  7789 | D:8      | Gained mutation: You are agile. (Dex +4, Str/Int -1) [Xom's
                  | mischief]
  7799 | D:8      | XOM: noise
  7819 | D:8      | Killed SonOfAdam's ghost
  7849 | D:8      | XOM: give mutation
  7849 | D:8      | Lost mutation: Your mind is acute. (Int +4, Str/Dex -1)
                  | [Xom's mischief]
  7868 | D:8      | Identified the +8 falchion of Resourcefulness {venom, rC+
                  | rN+ Str+5}
  7897 | D:9      | Found an ornate altar of the Wu Jian Council.
  7897 | D:9      | Found a blossoming altar of Fedhas.
  8006 | D:9      | Noticed a two-headed ogre
  8018 | D:9      | XOM: enchant monster (good)
  8020 | D:9      | XOM: enchant monster (good)
  8023 | D:9      | Killed a two-headed ogre
  8049 | D:9      | XOM: cleaving
  8100 | D:9      | XOM: enchant monster (good)
  8104 | D:9      | XOM: potion effect (magic)
  8118 | D:9      | Noticed a smoke demon
  8136 | D:9      | XOM: polymorph iron imp -> neqoxec
  8140 | D:9      | Noticed a smoke demon
  8144 | D:9      | XOM: blink monster(s)
  8149 | D:9      | Reached XP level 11. HP: 75/106 MP: 6/11
  8217 | D:9      | XOM: fog
  8222 | D:9      | XOM: summons 6 friendly demons
  8255 | D:9      | XOM: god gift: staff of death
  8517 | D:9      | Found a hazy altar of Hepliaklqana.
  8599 | D:9      | Gained mutation: You are strong-willed. (Will+) [hidden
                  | potential]
  8599 | D:9      | Lost mutation: You have hidden genetic potential. [hidden
                  | potential expressed]
  8761 | D:9      | Found an opulent altar of Gozag.
  8762 | D:9      | Found Gozag's Platinum Reserve.
  8865 | D:9      | XOM: cast spell 'Metabolic Englaciation'
  8938 | D:10     | Entered Level 10 of the Dungeon
  8941 | D:10     | XOM: confuse monster(s)
  8964 | D:10     | Reached skill level 15 in Polearms
  8971 | D:10     | XOM: divine lightning
  9065 | D:10     | Found a flagged portal.
  9071 | D:10     | XOM: polymorph goblin -> hobgoblin
  9079 | Bailey   | Entered a bailey
  9147 | Bailey   | Noticed an orc knight
  9170 | Bailey   | Killed an orc knight
  9213 | Bailey   | Acquired a manual of Axes
  9241 | Bailey   | XOM: 1-stop teleportation journey
  9271 | Bailey   | Reached skill level 1 in Axes
  9272 | Bailey   | XOM: scenery: 1 fountains blood, 4 doors open
  9383 | Bailey   | XOM: summons friendly shadow imp
  9531 | Bailey   | XOM: polymorph electric eel -> electric eel
  9576 | Bailey   | Reached skill level 5 in Axes
  9657 | Bailey   | Found an iron altar of Okawaru.
  9667 | Bailey   | XOM: summons friendly white imp
  9668 | Bailey   | XOM: enchant monster (good)
  9739 | Bailey   | Got Wasiss's Folio of Position and Chrysopoeia
  9810 | Bailey   | XOM: summons 2 hostile shadow creatures
 10027 | D:10     | XOM: potion effect (haste)
 10166 | D:10     | XOM: give mutation
 10166 | D:10     | Gained mutation: You have hidden genetic potential. [Xom's
                  | grace]
 10185 | D:10     | XOM: summons friendly iron imp
 10320 | D:10     | Noticed a two-headed ogre
 10322 | D:10     | XOM: swap monsters
 10334 | D:10     | Killed a two-headed ogre
 10364 | D:10     | XOM: summons 3 hostile demons
 10449 | D:10     | XOM: silly message
 10547 | D:10     | XOM: give mutations
 10547 | D:10     | Gained mutation: Your muscles are strong. (Str +4, Int/Dex
                  | -1) [Xom's mischief]
 10547 | D:10     | Lost mutation: You are strong-willed. (Will+) [Xom's
                  | mischief]
 10610 | D:10     | XOM: give mutations
 10610 | D:10     | Lost mutation: You are agile. (Dex +4, Str/Int -1) [Xom's
                  | mischief]
 10610 | D:10     | Gained mutation: You are dopey. (Int -2) [Xom's mischief]
 10610 | D:10     | Lost mutation: You are robust. (+10% HP) [Xom's mischief]
 10610 | D:10     | Gained mutation: Your spells are a little easier to cast,
                  | but a little less powerful. [Xom's mischief]
 10657 | D:10     | XOM: summons 2 hostile shadow creatures
 10783 | D:11     | XOM: swap monsters
 10789 | Abyss:1  | Cast into level 1 of the Abyss (Xom)
 10846 | Abyss:1  | Noticed a starcursed mass
 10860 | Abyss:1  | Killed a starcursed mass
 10861 | Abyss:1  | Killed a starcursed mass
 10862 | Abyss:1  | Reached XP level 12. HP: 102/104 MP: 8/12
 10925 | Abyss:1  | Found a corrupted altar of Lugonu.
 10934 | Abyss:1  | Found a radiant altar of Vehumet.
 10948 | Abyss:1  | Found a corrupted altar of Lugonu.
 10954 | Abyss:1  | Found a radiant altar of Vehumet.
 10954 | Abyss:1  | Found a radiant altar of Vehumet.
 11007 | Abyss:1  | Noticed a starcursed mass
 11022 | Abyss:1  | Killed a starcursed mass
 11025 | Abyss:1  | Found a corrupted altar of Lugonu.
 11040 | Abyss:1  | Killed a starcursed mass
 11044 | Abyss:1  | Found a corrupted altar of Lugonu.
 11069 | Abyss:1  | Reached skill level 10 in Axes
 11120 | Abyss:1  | Found a corrupted altar of Lugonu.
 11127 | Abyss:1  | Noticed a tentacled starspawn
 11135 | Abyss:1  | Killed a tentacled starspawn
 11136 | Abyss:1  | Noticed a lich
 11142 | D:11     | Escaped the Abyss
 11151 | D:11     | Killed a lich
 11161 | D:11     | Gained mutation: You possess an exceptional clarity of
                  | mind. [hidden potential]
 11205 | D:11     | Noticed a two-headed ogre
 11209 | D:11     | Killed a two-headed ogre
 11241 | D:11     | Noticed a two-headed ogre
 11242 | D:11     | XOM: scenery: summon butterflies
 11254 | D:11     | Killed a two-headed ogre
 11337 | D:11     | XOM: swap monsters
 11385 | D:11     | Found a staircase to the Orcish Mines.
 11388 | D:11     | XOM: repel stairs
 11758 | Lair:1   | Entered Level 1 of the Lair of Beasts
 11769 | Lair:1   | XOM: summons 1 hostile shadow creature
 11821 | Lair:1   | XOM: noise
 11933 | Lair:1   | Got the Guide on Twinkling Electricity
 12003 | Lair:1   | Reached XP level 13. HP: 111/111 MP: 13/13
 12031 | Lair:1   | XOM: divination: detect creatures
 12218 | Lair:1   | Noticed Joseph
 12223 | Lair:1   | Killed Joseph
 12281 | Lair:1   | Noticed Harold
 12292 | Lair:1   | XOM: noise
 12299 | Lair:1   | Killed Harold
 12306 | Lair:1   | Noticed Sonja
 12315 | Lair:1   | Killed Sonja
 12566 | Lair:2   | XOM: snakes to sticks
 12651 | Lair:2   | XOM: fog
 12717 | Lair:2   | Gained mutation: You have a somewhat thin skeletal
                  | structure. (Dex +2, Stealth+) [hidden potential]
 12717 | Lair:2   | Lost mutation: You have hidden genetic potential. [hidden
                  | potential expressed]
 12956 | Lair:2   | Found a staircase to the Snake Pit.
 12958 | Lair:2   | XOM: cast spell 'Metabolic Englaciation'
 13074 | Lair:2   | XOM: scenery: create altars
 13076 | Lair:2   | XOM: confuse monster(s)
 13078 | Lair:2   | XOM: summons friendly crimson imp
 13357 | Lair:3   | Noticed Rupert
 13362 | Lair:3   | Rupert changed into Rupert the shapeshifter
 13362 | Lair:3   | XOM: polymorph Rupert -> Rupert the shapeshifter
 13363 | Lair:3   | Rupert the shapeshifter changed into Rupert the sphinx
 13363 | Lair:3   | Noticed Rupert (shapeshifter)
 13367 | Lair:3   | Killed Rupert the sphinx
 13385 | Lair:3   | XOM: divination: detect items
 13438 | Lair:3   | Noticed Urug
 13448 | Lair:3   | Killed Urug
 13553 | Lair:3   | XOM: cleaving
 13555 | Lair:3   | XOM: summons 5 friendly demons
 13565 | Lair:3   | Found a staircase to the Swamp.
 13604 | Lair:3   | XOM: noise
 13686 | Lair:3   | XOM: silly message
 13760 | Lair:3   | XOM: divination: magic mapping
 13772 | Lair:3   | Identified the +2 robe of the Locust {Harm rElec rF- MP+9
                  | Dex-4}
 14077 | Lair:4   | Identified the +1 pair of gloves "Piraiq" {rElec}
 14088 | Lair:4   | Reached XP level 14. HP: 114/119 MP: 12/14
 14098 | Lair:4   | Reached skill level 10 in Fighting
 14174 | Lair:4   | Found a broken altar of Ashenzari.
 14383 | Lair:4   | Found a transporter.
 14386 | Lair:4   | Found a transporter.
 14392 | Lair:4   | Found a one-way gate to the infinite horrors of the Abyss.
 14392 | Lair:4   | Noticed Peach3228's ghost (journeyman DrEE)
 14447 | Lair:4   | Found a viscous altar of Jiyva.
 14447 | Lair:4   | Found a staircase to the Slime Pits.
 14581 | Lair:4   | XOM: silly message
 14755 | Lair:5   | Entered Level 5 of the Lair of Beasts
 14797 | Lair:5   | XOM: silly message
 14941 | Lair:5   | Reached skill level 11 in Fighting
 14957 | Lair:5   | XOM: divination: detect items
 14966 | Lair:5   | XOM: cast spell 'Olgreb's Toxic Radiance'
 15059 | Lair:5   | Got an earthy gem with 555 turns to spare
 15214 | Lair:5   | Identified the +10 morningstar of Hoskunus {freeze, Will+}
 15264 | Lair:5   | XOM: enchant monster (bad)
 15583 | Lair:5   | XOM: summons 4 hostile shadow creatures
 15586 | Lair:5   | Reached skill level 12 in Fighting
 15593 | Lair:5   | XOM: polymorph black mamba -> steam dragon
 15747 | Lair:5   | XOM: noise
 15748 | Lair:5   | XOM: noise
 16050 | Lair:5   | XOM: stat loss: -1 Str (21/22)
 16302 | D:12     | Found Raed's Assorted Antiques.
 16354 | D:12     | XOM: 2-stop teleportation journey
 16414 | D:12     | XOM: noise
 16583 | D:12     | XOM: draining
 16586 | D:12     | XOM: blink monster(s)
 16620 | D:12     | Found Vieh's Antique Weapon Shop.
 16732 | D:12     | Found Duyngobb's Weapon Boutique.
 16752 | D:12     | Found Gometa Gebe's Jewellery Shop.
 16861 | D:12     | Found Jeuhuetabakk's General Store.
 17024 | D:12     | XOM: blink monster(s)
 17224 | D:12     | Reached skill level 13 in Fighting
 17224 | D:12     | Reached skill level 10 in Dodging
 17298 | D:13     | XOM: fake destruction
 17556 | D:13     | XOM: 3-stop teleportation journey
 17557 | D:13     | Reached XP level 15. HP: 136/136 MP: 15/15
 17647 | D:13     | Found a gate to the Vaults.
 17687 | D:13     | XOM: noise
 17787 | D:13     | XOM: silly message
 17788 | D:13     | XOM: chaos upgrade
 17937 | D:13     | XOM: smoke on damage
 18094 | D:14     | XOM: summons 1 hostile shadow creature
 18204 | D:14     | Reached skill level 14 in Fighting
 18274 | D:14     | XOM: give mutations
 18274 | D:14     | Lost mutation: Your spells are a little easier to cast, but
                  | a little less powerful. [Xom's mischief]
 18274 | D:14     | Gained mutation: You occasionally lose the ability to drink
                  | potions when taking damage. [Xom's mischief]
 18274 | D:14     | Lost mutation: You are dopey. (Int -2) [Xom's mischief]
 18274 | D:14     | Gained mutation: You occasionally shout uncontrollably at
                  | your foes. [Xom's mischief]
 18292 | D:14     | Lost mutation: You have a somewhat thin skeletal structure.
                  | (Dex +2, Stealth+) [potion of mutation]
 18292 | D:14     | Lost mutation: Your natural rate of healing is unusually
                  | fast. [potion of mutation]
 18292 | D:14     | Lost mutation: Your muscles are strong. (Str +4, Int/Dex
                  | -1) [potion of mutation]
 18292 | D:14     | Lost mutation: You possess an exceptional clarity of mind.
                  | [potion of mutation]
 18292 | D:14     | Gained mutation: Your mind is acute. (Int +4, Str/Dex -1)
                  | [potion of mutation]
 18293 | D:14     | Lost mutation: You occasionally lose the ability to drink
                  | potions when taking damage. [potion of mutation]
 18293 | D:14     | Lost mutation: Your mind is acute. (Int +4, Str/Dex -1)
                  | [potion of mutation]
 18293 | D:14     | Lost mutation: Your flesh is cold resistant. (rC+) [potion
                  | of mutation]
 18293 | D:14     | Gained mutation: You possess an exceptional clarity of
                  | mind. [potion of mutation]
 18293 | D:14     | Lost mutation: You have a pair of small horns on your head.
                  | [potion of mutation]
 18293 | D:14     | Gained mutation: You are resistant to electric shocks.
                  | (rElec) [potion of mutation]
 18406 | D:14     | XOM: polymorph manticore -> faun
 18834 | D:15     | Entered Level 15 of the Dungeon
 18862 | D:15     | XOM: silly message
 18865 | D:15     | XOM: polymorph purple ugly thing -> green ugly thing
 18873 | D:15     | XOM: swap monsters
 19013 | D:15     | Noticed Azrael
 19023 | D:15     | Killed Azrael
 19066 | D:15     | Found an ornate altar of the Wu Jian Council.
 19151 | D:15     | XOM: summons friendly white imp
 19158 | D:15     | Reached skill level 15 in Fighting
 19163 | D:15     | XOM: polymorph white imp -> ufetubus
 19377 | D:15     | XOM: enchant monster (bad)
 19577 | D:15     | Found a staircase to the Depths.
 19978 | Swamp:1  | Entered Level 1 of the Swamp
 20213 | Swamp:1  | XOM: divination: magic mapping
 20260 | Swamp:1  | XOM: fake destruction
 20308 | Swamp:1  | XOM: fog
 20325 | Swamp:1  | Noticed Frances
 20328 | Swamp:1  | XOM: destruction
 20339 | Swamp:1  | Killed Frances
 20406 | Swamp:1  | XOM: 7-stop teleportation journey
 20511 | Swamp:1  | Noticed a fenstrider witch
 20513 | Swamp:1  | Found a transporter.
 20516 | Swamp:1  | Noticed robbje's ghost (adept HuNe)
 20529 | Swamp:1  | Identified the +8 halberd of Accord {freeze, rPois rF- rC-
                  | rCorr} (Xom gifted it to you on level 1 of the Swamp)
 20529 | Swamp:1  | XOM: god gift: +8 halberd of Accord {freeze, rPois rF- rC-
                  | rCorr}
 20576 | Swamp:1  | Found a transporter.
 20598 | Swamp:1  | XOM: scenery: summon butterflies
 20659 | Swamp:1  | XOM: divine lightning
 20662 | Swamp:1  | Reached XP level 16. HP: 130/151 MP: 13/16
 20726 | Swamp:1  | XOM: scenery: create altars
 20933 | Swamp:2  | XOM: divination: detect items
 20981 | Swamp:2  | XOM: divination: detect creatures
 21004 | Swamp:2  | Reached skill level 16 in Fighting
 21138 | Swamp:2  | XOM: polymorph goliath frog -> polar bear
 21184 | Swamp:2  | Identified the maw talisman of Inviolability {Str+3}
 21703 | Swamp:3  | XOM: divine lightning
 21901 | Swamp:3  | XOM: give mutation
 21901 | Swamp:3  | Gained mutation: Your mind is acute. (Int +4, Str/Dex -1)
                  | [Xom's grace]
 22044 | Swamp:3  | XOM: summons 15 friendly demons
 22172 | Swamp:3  | XOM: god gift: 52 gold pieces
 22223 | Swamp:4  | Entered Level 4 of the Swamp
 22260 | Swamp:4  | Noticed a thorn hunter
 22263 | Swamp:4  | XOM: summons friendly ufetubus
 22279 | Swamp:4  | Killed a thorn hunter
 22328 | Swamp:3  | XOM: silly message
 22344 | Swamp:3  | XOM: silly message
 22501 | Swamp:4  | Noticed a tentacled monstrosity
 22502 | Swamp:4  | XOM: potion effect (might)
 22510 | Swamp:4  | Killed a tentacled monstrosity
 22511 | Swamp:4  | Reached skill level 17 in Fighting
 22640 | Swamp:4  | XOM: potion effect (attraction)
 22866 | Swamp:4  | XOM: summons 3 hostile shadow creatures
 22888 | Swamp:4  | XOM: silly message
 22943 | Swamp:4  | Noticed a thorn hunter
 23033 | Swamp:4  | XOM: summons 2 hostile shadow creatures
 23112 | Swamp:4  | XOM: summons 6 hostile demons
 23126 | Swamp:4  | Noticed a thorn hunter
 23135 | Swamp:4  | Killed a thorn hunter
 23142 | Swamp:4  | XOM: scenery: summon butterflies
 23147 | Swamp:4  | Killed a thorn hunter
 23355 | Swamp:4  | XOM: enchant monster (good)
 23618 | Swamp:4  | XOM: divination: detect items
 23714 | Swamp:4  | Got a decaying rune of Zot
 23766 | Swamp:4  | XOM: draining
 23972 | Orc:1    | Entered Level 1 of the Orcish Mines
 24089 | Orc:1    | Found a runed translucent door.
 24187 | Orc:1    | Noticed Couri's ghost (journeyman SpAl)
 24189 | Orc:1    | XOM: give mutation
 24189 | Orc:1    | Gained mutation: You are covered in fur. (AC +1) [Xom's
                  | mischief]
 24200 | Orc:1    | Killed Couri's ghost
 24250 | Orc:2    | Entered Level 2 of the Orcish Mines
 24296 | Orc:2    | XOM: swap monsters
 24311 | Orc:2    | Found a staircase to the Elven Halls.
 24328 | Orc:2    | Found a dark tunnel.
 24336 | Orc:2    | Reached skill level 18 in Fighting
 24343 | Volcano  | Entered a volcano
 24365 | Volcano  | XOM: summons 3 hostile shadow creatures
 24378 | Volcano  | Reached XP level 17. HP: 69/145 MP: 17/17
 24381 | Volcano  | XOM: swap monsters
 24469 | Volcano  | Found a large runed translucent door.
 24469 | Volcano  | Found a large runed translucent door.
 24469 | Volcano  | XOM: 1-stop teleportation journey
 24483 | Volcano  | Found a large runed translucent door.
 24483 | Volcano  | Found a large runed translucent door.
 24503 | Volcano  | Found a large runed translucent door.
 24503 | Volcano  | Found a large runed translucent door.
 24511 | Volcano  | Identified the +2 pair of gloves "Lalus Ollis" {rElec}
 24525 | Volcano  | Found a large runed translucent door.
 24525 | Volcano  | Found a large runed translucent door.
 24649 | Volcano  | Found a large runed translucent door.
 24649 | Volcano  | Found a large runed translucent door.
 24658 | Volcano  | Found a large runed translucent door.
 24658 | Volcano  | Found a large runed translucent door.
 24661 | Volcano  | Found a large runed translucent door.
 24674 | Volcano  | Found a large runed translucent door.
 24674 | Volcano  | Found a large runed translucent door.
 24674 | Volcano  | Found a large runed translucent door.
 24746 | Volcano  | Found a large runed translucent door.
 24746 | Volcano  | Found a large runed translucent door.
 24890 | Orc:2    | Found Bitiu's General Store.
 24894 | Orc:2    | Found Lappyk's Specific Store.
 24902 | Orc:2    | Bought a scroll of blinking for 90 gold pieces
 24902 | Orc:2    | Bought a scroll of teleportation for 36 gold pieces
 24920 | Orc:2    | XOM: silly message
 25001 | Orc:2    | Found Akiahil's Jewellery Shop.
 25003 | Orc:2    | XOM: stat loss: -1 Int (17/18)
 25004 | Orc:2    | XOM: divination: detect items
 25007 | Orc:2    | XOM: confuse monster(s)
 25089 | Orc:2    | Found Idupsor's Antique Armour Emporium.
 25096 | Orc:2    | Found Daweogh's Assorted Antiques.
 25098 | Orc:2    | Found Uzenei's Weapon Shop.
 25104 | Orc:2    | Bought a potion of berserk rage for 175 gold pieces
 25104 | Orc:2    | Bought a vibrating copper ring for 175 gold pieces
 25104 | Orc:2    | Identified the ring of Buocywaw {rCorr Int+3 Dex+6 Stlth-}
                  | (You bought it in a shop on level 2 of the Orcish Mines)
 25112 | Orc:2    | XOM: noise
 25281 | Orc:2    | Noticed Saint Roka
 25292 | Orc:2    | Reached skill level 15 in Dodging
 25313 | Orc:2    | XOM: enchant monster (bad)
 25319 | Orc:2    | Killed Saint Roka
 25389 | Orc:2    | XOM: god gift: scroll of teleportation
 25564 | Orc:2    | Found Nesoariv's Armour Shop.
 26513 | D:5      | Bought a runed bardiche for 300 gold pieces
 26663 | Snake:1  | Entered Level 1 of the Snake Pit
 26680 | Snake:1  | Identified the staff of the Hated {Fly rPois Fire Alchemy}
 26703 | Snake:1  | Reached skill level 19 in Fighting
 26943 | Snake:1  | XOM: divination: detect creatures
 27230 | Snake:1  | XOM: divination: detect items
 27329 | Snake:1  | Acquired 944 gold pieces
 27478 | Snake:1  | XOM: silly message
 27549 | Snake:1  | Identified the serpent talisman of Oblivion {rElec Dex-5
                  | Slay+2 Stlth+}
 27549 | Snake:1  | Noticed Aizul
 27552 | Snake:1  | XOM: divination: detect items
 27561 | Snake:1  | Killed Aizul
 27671 | Snake:1  | Noticed Agnes
 27676 | Snake:1  | Killed Agnes
 27975 | Snake:2  | XOM: silly message
 28073 | Snake:2  | XOM: god gift: runed hat {god gift}
 28115 | Snake:2  | Reached skill level 20 in Fighting
 28391 | Snake:2  | XOM: scenery: 1 doors close
 28600 | Snake:2  | XOM: silly message
 29073 | Snake:3  | XOM: enchant monster (bad)
 29407 | Snake:3  | Reached skill level 21 in Fighting
 29410 | Snake:3  | XOM: cleaving
 29757 | Snake:3  | XOM: draining
 29986 | Snake:4  | Entered Level 4 of the Snake Pit
 30100 | Snake:4  | Reached XP level 18. HP: 158/165 MP: 18/18
 30198 | Snake:4  | XOM: blink monster(s)
 30204 | Snake:4  | Noticed Asterion
 30369 | Snake:4  | Xom revived you
 30566 | Snake:4  | XOM: 7-stop teleportation journey
 30573 | Snake:4  | XOM: 1-stop teleportation journey
 30594 | Snake:4  | XOM: give mutations
 30594 | Snake:4  | Gained mutation: You passively dampen the noise of your
                  | surroundings. [Xom's grace]
 30594 | Snake:4  | Gained mutation: Your spells are a little harder to cast,
                  | but a little more powerful. [Xom's grace]
 30639 | Snake:4  | XOM: enchant monster (good)
 30887 | Snake:4  | XOM: 1-stop teleportation journey
 30889 | Snake:4  | Got a serpentine rune of Zot
 30895 | Snake:4  | XOM: swap monsters
 30897 | Snake:4  | XOM: summons friendly shadow imp
 30915 | Snake:4  | XOM: summons 7 friendly demons
 30921 | Snake:4  | Killed from afar by a nagaraja

Illustrated notes

Levels and vault maps discovered:
D:1:      wheals_arrival_shading, layout_loops_ring, hangedman_decor_points
D:2:      layout_rooms, minmay_liquid_box, uniq_sigmund, uniq_jessica,
          uniq_natasha
D:3:      minmay_bubble_buster, layout_basic, amethyst_overflow_temple_binary,
          dreamdust_princess_corridor, kennysheep_generic_room_4
D:4:      layout_basic, lightli_ossuary_entry_decrepit_ruins, st_stairs_2
D:5:      layout_cave_pools, serial_shops, kennysheep_mini, uniq_edmund,
          uniq_prince_ribbit1
D:6:      layout_loops_ring, minitemple, mainiacjoe_overflow_catwalk_spiral,
          minmay_temple_entry_trees, serial_shops, shop, ebering_ghost_sewer_d,
          lightli_sewer_entry_pipes, minmay_stone_trees_small,
          lexackson_kobold_supper
D:7:      layout_loops_corners, nemelex_xobeh_ov_fountains_minmay
D:8:      layout_basic, lair_entry_dummy, serial_shops, shop,
          ebering_ghost_disaster_area, uniq_erica, uniq_jeremiah
D:9:      layout_gridville, nicolae_gozag_zags_fifth_avenue,
          grunt_temple_overflow_open
D:10:     cheibrodos_elevator_heist, layout_basic, serial_bayou,
          serial_bayou_pond_b, serial_bayou_pond_e, serial_bayou_shore_b,
          serial_bayou_pond_b, enter_bailey_3
D:11:     layout_cave_pools, hiddenorc2_lemuel, serial_bayou_crossing
D:12:     wad_woods_minihive, layout_irregular_city, serial_shops,
          nicolae_shop_trees, shop, shop, shop, shop
D:13:     layout_rooms, ximxim_vaults_locker_room, special_room
          [special_room_orc], nicolae_kite_square_tiling_tiny,
          minmay_misc_feat_alley
D:14:     layout_loops_ring, minivault_26
D:15:     grunt_enter_depths_snipers, layout_basic, hex_medium, serial_curves,
          eino_curves_02, eino_curves_01, nicolae_wu_jian_wuxing_cycle,
          uniq_azrael
Temple:   hellmonk_temple_forest_ring
Lair:1:   layout_chaotic_city, uniq_harold, uniq_sonja, uniq_joseph
Lair:2:   layout_gridlike, guppyfry_snake_entry_garden,
          hangedman_lair_unloving_vines
Lair:3:   layout_roguey, skrybe_swamp_entry_bodies, serial_bayou_shore_b,
          uniq_urug, uniq_rupert
Lair:4:   layout_gridlike, slime_entry_1, basic_altar,
          gammafunk_ghost_abyssal_escape, grunt_megastairs_2
Lair:5:   minmay_lair_end_enchanted_forest, layout_cave_pods, worms_lemuel,
          infiniplex_staircase_pool_2, grunt_megastairs_4
Swamp:1:  layout_falls_marsh, gammafunk_ghost_arena,
          nicolae_swamp_trees_clearing, uniq_frances
Swamp:2:  nicolae_swamp_ascending_descending, layout_falls_marsh,
          nicolae_swamp_very_dense_foliage, nicolae_swamp_tree_isthmus
Swamp:3:  layout_basic_swamp, evilmike_swamp_ruin_house_2
Swamp:4:  swamp_basic_johnstein, layout_basic_swamp, swamp_pool_1_2
Snake:1:  layout_misc_corridors, nicolae_snake_gridmaze_waves, uniq_aizul,
          uniq_agnes
Snake:2:  layout_grid_maze, grunt_ministairs_12
Snake:3:  layout_gridlike, nicolae_snake_single_loop
Snake:4:  grunt_snake_rune_serpentine_throne, layout_misc_corridors,
          uniq_asterion
Orc:1:    layout_caves, ebering_ghost_reflecting_pool
Orc:2:    st_orc_elflike, layout_caves, enter_volcano_3, serial_shops,
          shop_statue, nicolae_specific_store, uniq_saint_roka

Skill      XL: |  1  2  3  4  5  6  7  8  9 10 11 12 13 14 15 16 17 18 |
---------------+-------------------------------------------------------+-----
Fighting       | 4 5 6 8 9 13 15 18 21 | 21.0
Dodging        | 3 5 6 10 12 14 15 | 15.0
Polearms       | 4 5 6 8 11 12 14 16 18 19 20 | 20.6
Axes           | 7 11 13 | 13.9
Short Blades   | |  0.1
Maces & Flails | |  0.1
Staves         | |  0.1
Throwing       | |  0.1
Stealth        | |  0.1
Unarmed Combat | |  0.1
Spellcasting   | |  0.2

Action                     |  1- 3 |  4- 6 |  7- 9 | 10-12 | 13-15 | 16-18 || total
---------------------------+-------+-------+-------+-------+-------+-------++-------
  Melee: Spear             |    68 |    96 |   512 |   895 |       |       ||  1571
         Tailslap          |     4 |     9 |    58 |   150 |   115 |   136 ||   472
         Punch             |       |     2 |     6 |    15 |       |       ||    23
         Headbutt          |       |       |    59 |   196 |   113 |       ||   368
         Glaive            |       |       |       |   216 |  1050 |  1095 ||  2361
  Throw: Javelin           |     5 |     6 |     8 |     2 |       |    12 ||    33
         Throwing net      |       |       |     2 |     3 |       |     2 ||     7
  Evoke: Wand              |       |       |     1 |     6 |     2 |     1 ||    10
    Use: Scroll            |     4 |     4 |    17 |     4 |    12 |    16 ||    57
         Potion            |       |       |     2 |     3 |     5 |    16 ||    26
   Stab: Paralysed         |     1 |     1 |    10 |    14 |     1 |       ||    27
         Sleeping          |       |       |     5 |       |     5 |       ||    10
         Distracted        |       |       |     2 |     1 |     2 |     6 ||    11
         Confused          |       |       |     3 |     9 |     2 |     4 ||    18
         Petrified         |       |       |       |    11 |       |       ||    11
         Petrifying        |       |       |       |     7 |       |       ||     7
         Held in net/web   |       |       |       |     2 |       |       ||     2
 Armour: Skin              |    33 |    57 |   119 |   379 |   632 |   743 ||  1963
  Dodge: Dodged            |    41 |    33 |   132 |   385 |   562 |   620 ||  1773
  Block: Other             |       |       |       |       |       |    96 ||    96
         Reflection        |       |       |       |       |       |    15 ||    15
